 Dungeon Crawl Stone Soup version 0.30-a0-782-ge64f9170bb (console) character file.

Game seed: 17533666959616014451

63 utis the Chopper (level 4, -2/27 HPs)
             Began as a Tengu Wanderer on Mar 3, 2023.
             Killed by nerve-wracking pain
             ... invoked by Grinder
              (11 damage)
             ... on level 3 of the Dungeon.
             The game lasted 00:05:59 (1974 turns).

utis the Chopper (Tengu Wanderer)                   Turns: 1974, Time: 00:05:59

Health: -2/27      AC:  9    Str: 13    XL:     4   Next: 9%
Magic:  6/6        EV:  9    Int: 10    God:
Gold:   129        SH:  7    Dex: 17    Spells: 5/5 levels left

rFire   . . .      SeeInvis .    h - +0 hand axe
rCold   . . .      Faith    .    b - +2 buckler
rNeg    . . .      Spirit   .    n - +0 scale mail
rPois   .          Reflect  .    (helmet restricted)
rElec   .          Harm     .    p - +0 cloak
rCorr   .          Rampage  .    r - +1 pair of gloves
Will    .....                    (boots unavailable) Stlth
                                 (no amulet)
HPRegen 0.24/turn                (no ring)
MPRegen 0.10/turn                (no ring)

@: no status effects
A: beak, talons 3
a: no special abilities


You were on level 3 of the Dungeon.
You visited 1 branch of the dungeon, and saw 3 of its levels.

You collected 129 gold pieces.

Inventory:

Hand Weapons
 a - a +0 long sword
 h - a +0 hand axe (weapon)
Missiles
 i - 27 stones (quivered)
 l - 4 javelins
Armour
 b - a +2 buckler (worn)
 e - a +0 robe
 n - a +0 scale mail (worn)
 p - a +0 cloak (worn)
 r - a +1 pair of gloves (worn)
Wands
 c - a wand of flame (5)
Scrolls
 d - a scroll of blinking
 f - 3 scrolls of teleportation {unknown}
 g - 4 scrolls of identify {unknown}
 j - a scroll of brand weapon {unknown}
 q - a scroll of torment {unknown}
 s - a scroll of enchant armour {unknown}
Potions
 k - 2 potions of curing {unknown}
 m - a potion of heal wounds {unknown}
 o - 2 potions of attraction {unknown}


   Skills:
 * Level 2.4 Fighting
 - Level 4.3 Axes
 + Level 1.2 Armour
 + Level 2.1 Dodging
 - Level 1.0 Stealth
 - Level 2.0 Shields
 - Level 1.0 Spellcasting
 - Level 2.0 Evocations


You had 5 spell levels left.
You didn't know any spells.
Your spell library contained the following spells:

 Spells                   Type           Power      Damage    Failure   Level
 Anguish                  Hex/Necr       0%         N/A       100%        4
 Enfeeble                 Hex            0%         N/A       100%        7


Dungeon Overview and Level Annotations

Branches:
Dungeon (3/15)

Altars:

Annotations:
D:2 1 runed translucent door, Crazy Yiuf
D:3 Grinder


Innate Abilities, Weirdness & Mutations

You have a beak for a mouth.
You have claws for feet.


Message History

Grinder is nearby!
Grinder blinks!
Grinder gestures at you. Pain shoots through your body!
Grinder says, "Wait up."
Grinder says, "FISH!"
You see here a +0 club.
There is a stone staircase leading up here.
You start resting.
Grinder is nearby!
Grinder blinks!
You see here a +0 club.
Grinder hits you but does no damage.
You hit Grinder. You claw Grinder.
Grinder is lightly wounded.
Grinder gestures at you. Pain shoots through your body!
You closely miss Grinder. You claw Grinder.
Grinder is lightly wounded.
You block Grinder's attack.
You hit Grinder. Your peck misses Grinder.
Grinder is moderately wounded.
Grinder grins, showing sharp teeth.
Grinder hits you.
You writhe in agony.
You hit Grinder. Your kick misses Grinder.
Grinder is moderately wounded.
Grinder closely misses you.
You closely miss Grinder. Your peck misses Grinder.
Grinder is moderately wounded.
You block Grinder's attack.
You hit Grinder. You claw Grinder.
Grinder is heavily wounded.
Grinder hits you.
* * * LOW HITPOINT WARNING * * *
Grinder gestures at you. Pain shoots through your body!
* * * LOW HITPOINT WARNING * * *
Grinder gestures at you. Pain shoots through your body!
You die...

░░░░░ ░░░░░
░<░.░░░░░░░░.░.░░░░░░░
░)░...................
░.░..........░..░░░░░░░
░.░....░░░.............
░.░.░░.░░░.░.░..░░░░░░
..░.░░.....░.░.Q)<░
░░░.░░░░░░░░.░.░░░░
░.░........░5░
░.░.░░░░░░░░.░
░.░.░░.......░░
░.░.░░.░░░░░░.░
░.░.░░.░....░.░
░.░.░░.░.░░.░.░
░.░.░░.░.5....░


You could see Grinder.

Vanquished Creatures
  2 adders (D:2)
  3 worms
  A dart slug (D:2)
  3 ball pythons
  3 bats
  2 endoplasms
  2 giant cockroaches
  2 goblins
  5 hobgoblins
  2 quokkas (D:2)
  3 frilled lizards
  3 kobolds
  2 rats
33 creatures vanquished.

Notes
Turn   | Place    | Note
-------+----------+-------------------------------------------
     0 | D:1      | utis the Tengu Wanderer began the quest for the Orb.
     0 | D:1      | utis set off with the following items: a +0 hand axe, a +2
                  | buckler, a wand of flame (5), a scroll of blinking, a +0
                  | robe.
     0 | D:1      | Reached XP level 1. HP: 10/10 MP: 3/3
   301 | D:1      | Reached skill level 1 in Fighting
   301 | D:1      | Reached skill level 1 in Dodging
   301 | D:1      | Reached XP level 2. HP: 16/16 MP: 4/4
   823 | D:1      | You fall into a shaft and drop 1 floor!
   954 | D:2      | Reached XP level 3. HP: 18/21 MP: 5/5
  1388 | D:2      | Reached skill level 1 in Armour
  1564 | D:2      | Reached XP level 4. HP: 26/27 MP: 6/6
  1607 | D:2      | Found a runed translucent door.
  1608 | D:2      | Noticed Crazy Yiuf
  1942 | D:3      | Noticed Grinder
  1974 | D:3      | Killed from afar by Grinder

Illustrated notes

Levels and vault maps discovered:
D:1:      minmay_arrival_doors, layout_loops_ring
D:2:      layout_basic, uniq_crazy_yiuf_cottage
D:3:      layout_basic, vehumet_altar_wand_db,
          shapermc_ecumenical_altar_pompeii, serial_shops, shop, uniq_grinder

Skill      XL: |  1  2  3 |
---------------+----------+-----
Fighting       | 1 2 |  2.4
Dodging        | 1 2 |  2.1
Armour         | 1 |  1.2
Axes           | |  4.3
Stealth        | |  1.0
Shields        | |  2.0
Spellcasting   | |  1.0
Evocations     | |  2.0

Action                     |  1- 3 |  4- 6 || total
---------------------------+-------+-------++-------
  Melee: Hand axe          |    72 |    17 ||    89
         Kick              |    19 |     5 ||    24
         Peck              |    12 |     1 ||    13
  Throw: Stone             |    11 |       ||    11
         Javelin           |     2 |       ||     2
 Armour: Robe              |     2 |       ||     2
         Scale mail        |    15 |     3 ||    18
  Dodge: Dodged            |    15 |     5 ||    20
  Block: Buckler           |    11 |     3 ||    14

Table legend: (Time is in decaauts)
 A = Elapsed time spent in this place.
 B = Non-inter-level travel time spent in this place.
 C = Inter-level travel time spent in this place.
 D = Time resting spent in this place.
 E = Time spent auto-exploring this place.
 F = Levels seen in this place.
 G = Mean time per level.
                   A        B        C        D        E       F      G
               +--------+--------+--------+--------+--------+-----+--------+
         Total |   1989 |   1849 |    140 |    120 |   1227 |   3 |  663.0 |
       Dungeon |   1989 |   1849 |    140 |    120 |   1227 |   3 |  663.0 |
               +--------+--------+--------+--------+--------+-----+--------+

Top non-repeatable levels by time:
     D:1: 990 daAuts
     D:2: 763 daAuts
     D:3: 235 daAuts
